[ PARTIDA AOE2 · #484404249 ]
Team RMEspañoles vs Romans
[ ANÁLISIS DE REPETICIÓN · EXTRAÍDO DE LA PARTIDA GRABADA ]
Feudal
—
Castillos
—
Imperial
—
| APM promedio | 30.0 |
| APM pico | 69 |
| eAPM promedio | 17.4 |
| Aldeanos / militares | 91 / 79 |
Foco
⚔️ 31.2% · 🌾 68.8%
Conquistador ×32 · Spearman ×23 · Knight ×12 · Battering Ram ×10 · Trebuchet (Packed) ×2
Feudal
13:26
Castillos
22:06
Imperial
37:21
| APM promedio | 22.8 |
| APM pico | 51 |
| eAPM promedio | 11.3 |
| Aldeanos / militares | 109 / 60 |
Foco
⚔️ 19.0% · 🌾 81.0%
Konnik ×33 · Militia ×7 · Mangonel ×6 · Trebuchet (Packed) ×5 · Archer ×3 · Skirmisher ×2
Feudal
13:07
Castillos
17:14
Imperial
39:13
| APM promedio | 21.9 |
| APM pico | 63 |
| eAPM promedio | 12.5 |
| Aldeanos / militares | 108 / 48 |
Foco
⚔️ 24.7% · 🌾 75.3%
Scorpion ×25 · Battle Elephant ×22 · Monk ×1
Feudal
12:03
Castillos
17:16
Imperial
35:33
| APM promedio | 13.4 |
| APM pico | 39 |
| eAPM promedio | 11.8 |
| Aldeanos / militares | 147 / 104 |
Foco
⚔️ 21.2% · 🌾 78.8%
Archer ×70 · Camel Scout ×25 · Trebuchet (Packed) ×5 · War Elephant ×4
Feudal
14:09
Castillos
20:18
Imperial
35:57
| APM promedio | 13.0 |
| APM pico | 31 |
| eAPM promedio | 10.5 |
| Aldeanos / militares | 136 / 52 |
Foco
⚔️ 15.8% · 🌾 84.2%
Kamayuk ×46 · Trebuchet (Packed) ×5 · Monk ×1
Feudal
15:09
Castillos
19:59
Imperial
—
| APM promedio | 14.3 |
| APM pico | 37 |
| eAPM promedio | 9.6 |
| Aldeanos / militares | 90 / 36 |
Foco
⚔️ 24.5% · 🌾 75.5%
Spearman ×20 · Scorpion ×10 · Militia ×6
Mapa de la partida
Recursos al inicio + cada clic de construcción. Línea gruesa = muro · recuadro discontinuo = muro de casas detectado. 🟡 oro · ⚪ piedra · 🟢 bayas · 🔶 jabalí · ⭕ reliquia
Inputs por minuto
— SuperVilla2000 - - dodo_kkl
Build order — SuperVilla2000
Primeras 150 de 286 acciones detectadas
| 0:02 | Investigar | Loom |
| 0:03 | Construir | House |
| 0:04 | Crear | Villager (Male) |
| 0:04 | Crear | Villager (Male) |
| 0:05 | Crear | Villager (Male) |
| 0:05 | Crear | Villager (Male) |
| 0:14 | Construir | Palisade Wall |
| 0:21 | Construir | Palisade Wall |
| 0:31 | Construir | House |
| 2:00 | Crear | Villager (Male) |
| 2:00 | Crear | Villager (Male) |
| 2:52 | Crear | Villager (Male) |
| 2:52 | Crear | Villager (Male) |
| 2:52 | Crear | Villager (Male) |
| 3:02 | Construir | Palisade Wall |
| 3:17 | Crear | Villager (Male) |
| 3:39 | Crear | Villager (Male) |
| 3:39 | Crear | Villager (Male) |
| 3:39 | Crear | Villager (Male) |
| 3:52 | Construir | House |
| 3:55 | Construir | Lumber Camp |
| 4:06 | Construir | Palisade Wall |
| 4:14 | Crear | Villager (Male) |
| 4:14 | Crear | Villager (Male) |
| 4:28 | Crear | Villager (Male) |
| 4:29 | Crear | Villager (Male) |
| 5:00 | Crear | Villager (Male) |
| 5:05 | Construir | Palisade Wall |
| 5:16 | Crear | Villager (Male) |
| 5:16 | Crear | Villager (Male) |
| 5:16 | Crear | Villager (Male) |
| 5:40 | Crear | Villager (Male) |
| 5:40 | Crear | Villager (Male) |
| 5:41 | Crear | Villager (Male) |
| 6:00 | Crear | Villager (Male) |
| 6:01 | Crear | Villager (Male) |
| 6:02 | Crear | Villager (Male) |
| 6:02 | Crear | Villager (Male) |
| 6:05 | Construir | House |
| 6:28 | Crear | Villager (Male) |
| 6:46 | Crear | Villager (Male) |
| 7:10 | Crear | Villager (Male) |
| 7:15 | Construir | Mill |
| 7:20 | Crear | Villager (Male) |
| 8:40 | Crear | Villager (Male) |
| 8:52 | Construir | House |
| 8:57 | Crear | Villager (Male) |
| 9:21 | Construir | Mill |
| 9:38 | Crear | Villager (Male) |
| 9:43 | Crear | Villager (Male) |
| 10:11 | Construir | House |
| 10:29 | Crear | Villager (Male) |
| 10:30 | Investigar | Feudal Age |
| 11:06 | Construir | Lumber Camp |
| 11:19 | Construir | Mining Camp |
| 11:59 | Crear | Villager (Male) |
| 12:21 | Construir | Farm |
| 12:21 | Construir | Farm |
| 12:38 | Construir | Farm |
| 13:04 | Construir | Farm |
| 13:09 | Investigar | Double-Bit Axe |
| 13:14 | Construir | Market |
| 13:25 | Crear | Villager (Male) |
| 13:48 | Construir | Blacksmith |
| 14:03 | Crear | Villager (Male) |
| 14:09 | Construir | Farm |
| 14:09 | Construir | Farm |
| 14:09 | Construir | Farm |
| 14:31 | Construir | Farm |
| 14:37 | Crear | Villager (Male) |
| 14:43 | Construir | House |
| 15:03 | Construir | Farm |
| 15:10 | Investigar | Castle Age |
| 15:18 | Construir | Mining Camp |
| 15:50 | Investigar | Horse Collar |
| 16:11 | Construir | Barracks |
| 16:28 | Investigar | Stone Mining |
| 17:57 | Construir | Siege Workshop |
| 18:07 | Investigar | Bow Saw |
| 18:09 | Crear | Villager (Male) |
| 18:09 | Crear | Villager (Male) |
| 18:32 | Crear | Battering Ram |
| 18:45 | Crear | Villager (Male) |
| 18:55 | Construir | Castle |
| 19:04 | Crear | Villager (Male) |
| 19:15 | Investigar | Gold Mining |
| 19:17 | Crear | Battering Ram |
| 19:36 | Construir | House |
| 19:57 | Crear | Battering Ram |
| 20:36 | Investigar | Fletching |
| 20:39 | Investigar | Forging |
| 20:49 | Crear | Villager (Male) |
| 20:57 | Investigar | Heavy Plow |
| 20:59 | Crear | Villager (Male) |
| 21:21 | Construir | Town Center |
| 21:25 | Crear | Villager (Male) |
| 21:30 | Crear | Conquistador |
| 21:34 | Crear | Battering Ram |
| 21:34 | Crear | Battering Ram |
| 21:34 | Crear | Battering Ram |
| 21:44 | Crear | Villager (Male) |
| 22:07 | Crear | Villager (Male) |
| 22:10 | Crear | Villager (Male) |
| 22:10 | Crear | Villager (Male) |
| 22:32 | Crear | Villager (Male) |
| 22:32 | Crear | Villager (Male) |
| 22:32 | Crear | Villager (Male) |
| 22:35 | Construir | Farm |
| 22:35 | Construir | Farm |
| 22:51 | Crear | Villager (Male) |
| 22:52 | Crear | Villager (Male) |
| 22:58 | Construir | Farm |
| 23:07 | Crear | Battering Ram |
| 23:25 | Crear | Conquistador |
| 23:25 | Crear | Conquistador |
| 23:28 | Construir | Farm |
| 23:40 | Crear | Conquistador |
| 23:40 | Crear | Conquistador |
| 23:40 | Crear | Conquistador |
| 23:54 | Crear | Villager (Male) |
| 23:55 | Construir | Farm |
| 23:56 | Construir | Farm |
| 24:14 | Crear | Conquistador |
| 24:14 | Crear | Conquistador |
| 24:14 | Crear | Conquistador |
| 24:30 | Crear | Conquistador |
| 24:30 | Crear | Conquistador |
| 24:30 | Crear | Conquistador |
| 24:35 | Crear | Villager (Male) |
| 25:02 | Crear | Conquistador |
| 25:08 | Crear | Villager (Male) |
| 25:11 | Crear | Villager (Male) |
| 25:20 | Construir | Town Center |
| 25:22 | Crear | Conquistador |
| 25:47 | Construir | Stable |
| 25:51 | Construir | Mining Camp |
| 25:52 | Crear | Conquistador |
| 25:53 | Crear | Conquistador |
| 25:53 | Crear | Conquistador |
| 26:24 | Crear | Knight |
| 26:24 | Crear | Knight |
| 26:52 | Crear | Conquistador |
| 27:13 | Crear | Conquistador |
| 27:57 | Crear | Battering Ram |
| 27:57 | Crear | Battering Ram |
| 28:35 | Construir | Farm |
| 28:35 | Construir | Farm |
| 28:35 | Construir | Farm |
| 28:35 | Construir | Farm |
| 28:36 | Construir | Farm |
Build order — dodo_kkl
Primeras 150 de 241 acciones detectadas
| 0:02 | Crear | Villager (Male) ×4 |
| 0:02 | Crear | Villager (Male) ×4 |
| 0:05 | Construir | House |
| 0:07 | Construir | House |
| 1:48 | Crear | Villager (Male) |
| 1:48 | Crear | Villager (Male) |
| 2:22 | Crear | Villager (Male) ×2 |
| 2:22 | Crear | Villager (Male) ×2 |
| 2:34 | Investigar | Loom |
| 2:37 | Crear | Villager (Male) ×2 |
| 2:38 | Crear | Villager (Male) ×2 |
| 2:50 | Crear | Villager (Male) |
| 2:50 | Crear | Villager (Male) |
| 3:33 | Construir | Palisade Wall |
| 3:34 | Construir | Palisade Wall |
| 3:37 | Construir | Building 796 |
| 3:39 | Crear | Villager (Male) ×2 |
| 3:40 | Crear | Villager (Male) ×2 |
| 4:01 | Crear | Villager (Male) |
| 4:01 | Crear | Villager (Male) |
| 4:36 | Crear | Villager (Male) ×2 |
| 4:36 | Crear | Villager (Male) ×2 |
| 4:46 | Construir | House |
| 5:06 | Construir | Lumber Camp |
| 5:17 | Crear | Villager (Male) |
| 5:43 | Crear | Villager (Male) |
| 5:44 | Crear | Villager (Male) |
| 6:04 | Crear | Villager (Male) |
| 6:04 | Crear | Villager (Male) |
| 6:57 | Crear | Villager (Male) |
| 6:57 | Crear | Villager (Male) |
| 7:01 | Construir | House |
| 7:43 | Construir | House |
| 7:55 | Construir | Mill |
| 8:21 | Crear | Villager (Male) ×4 |
| 9:00 | Crear | Villager (Male) ×3 |
| 9:11 | Construir | Mill |
| 9:40 | Construir | Barracks |
| 9:55 | Crear | Villager (Male) |
| 9:56 | Crear | Villager (Male) |
| 9:56 | Crear | Villager (Male) |
| 10:09 | Construir | Farm |
| 10:17 | Construir | Farm |
| 10:24 | Construir | Farm |
| 10:53 | Construir | House |
| 10:54 | Construir | House |
| 11:10 | Investigar | Feudal Age |
| 11:26 | Construir | Mining Camp |
| 11:41 | Construir | Farm |
| 11:45 | Construir | Farm |
| 11:56 | Crear | Militia |
| 11:56 | Crear | Militia |
| 11:56 | Crear | Militia |
| 12:55 | Crear | Militia |
| 12:56 | Crear | Militia |
| 13:26 | Edad | Edad Feudal |
| 13:28 | Construir | Archery Range |
| 13:31 | Crear | Villager (Male) |
| 13:33 | Investigar | Double-Bit Axe |
| 13:33 | Investigar | Double-Bit Axe |
| 13:35 | Crear | Villager (Male) |
| 13:35 | Crear | Villager (Male) |
| 13:36 | Crear | Villager (Male) |
| 14:15 | Crear | Villager (Male) |
| 14:19 | Crear | Archer |
| 14:20 | Crear | Skirmisher |
| 14:21 | Crear | Skirmisher |
| 14:29 | Construir | House |
| 14:30 | Construir | House |
| 14:32 | Crear | Villager (Male) |
| 14:49 | Construir | Farm |
| 14:50 | Construir | Farm |
| 14:52 | Construir | Farm |
| 14:53 | Construir | Farm |
| 14:56 | Construir | Farm |
| 15:40 | Crear | Villager (Male) |
| 15:44 | Construir | Farm |
| 15:45 | Construir | Farm |
| 15:46 | Construir | Farm |
| 15:48 | Construir | Farm |
| 16:04 | Crear | Archer |
| 16:04 | Crear | Archer |
| 16:20 | Crear | Militia |
| 16:20 | Crear | Militia |
| 16:31 | Crear | Villager (Male) |
| 16:31 | Crear | Villager (Male) |
| 16:31 | Crear | Villager (Male) |
| 16:31 | Crear | Villager (Male) |
| 16:32 | Crear | Villager (Male) |
| 16:32 | Crear | Villager (Male) |
| 16:32 | Crear | Villager (Male) |
| 16:32 | Crear | Villager (Male) |
| 17:11 | Construir | House |
| 17:12 | Construir | House |
| 18:05 | Construir | Farm |
| 18:10 | Construir | Farm |
| 18:17 | Construir | Blacksmith |
| 18:23 | Construir | Farm |
| 19:22 | Investigar | Castle Age |
| 19:22 | Investigar | Castle Age |
| 19:27 | Investigar | Stone Mining |
| 20:00 | Construir | Outpost |
| 20:03 | Investigar | Horse Collar |
| 20:03 | Investigar | Horse Collar |
| 20:17 | Investigar | Gold Mining |
| 20:37 | Construir | House |
| 20:38 | Construir | House |
| 20:39 | Construir | House |
| 20:40 | Construir | House |
| 21:36 | Crear | Villager (Male) |
| 21:36 | Crear | Villager (Male) |
| 21:36 | Crear | Villager (Male) |
| 21:58 | Investigar | Scale Barding Armor |
| 22:06 | Edad | Edad de los Castillos |
| 22:08 | Construir | Town Center |
| 22:22 | Construir | Castle |
| 22:40 | Crear | Villager (Male) |
| 22:40 | Crear | Villager (Male) |
| 23:04 | Construir | House |
| 23:29 | Crear | Villager (Male) ×5 |
| 23:39 | Construir | Town Center |
| 23:48 | Construir | House |
| 24:02 | Crear | Konnik ×5 |
| 24:15 | Crear | Villager (Male) |
| 24:15 | Crear | Villager (Male) |
| 24:16 | Crear | Villager (Male) |
| 24:16 | Crear | Villager (Male) |
| 24:16 | Crear | Villager (Male) |
| 24:16 | Crear | Villager (Male) |
| 24:21 | Investigar | Bow Saw |
| 24:21 | Investigar | Bow Saw |
| 24:48 | Construir | Siege Workshop |
| 24:53 | Crear | Konnik |
| 24:54 | Crear | Konnik |
| 24:54 | Crear | Konnik |
| 24:54 | Crear | Konnik |
| 24:57 | Crear | Villager (Male) |
| 25:00 | Crear | Villager (Male) |
| 25:22 | Crear | Villager (Male) |
| 25:22 | Crear | Villager (Male) |
| 25:22 | Crear | Villager (Male) |
| 25:23 | Crear | Villager (Male) |
| 25:29 | Construir | Monastery |
| 25:36 | Crear | Villager (Male) |
| 25:37 | Crear | Villager (Male) |
| 25:45 | Construir | House |
| 25:46 | Construir | House |
| 26:23 | Investigar | Chain Barding Armor |
| 26:35 | Crear | Monk |
| 26:35 | Crear | Monk |
Build order — Mr. Peacemaker
Primeras 150 de 238 acciones detectadas
| 0:02 | Crear | Villager (Male) |
| 0:02 | Crear | Villager (Male) |
| 0:02 | Crear | Villager (Male) |
| 0:02 | Crear | Villager (Male) |
| 0:04 | Construir | House |
| 0:15 | Construir | House |
| 0:26 | Investigar | Loom |
| 0:46 | Crear | Villager (Male) |
| 0:46 | Crear | Villager (Male) |
| 0:47 | Crear | Villager (Male) |
| 0:51 | Construir | House |
| 0:53 | Construir | House |
| 1:02 | Construir | House |
| 1:04 | Construir | House |
| 2:01 | Crear | Villager (Male) |
| 2:01 | Crear | Villager (Male) |
| 2:01 | Crear | Villager (Male) |
| 2:15 | Construir | Palisade Wall |
| 2:52 | Crear | Villager (Male) |
| 2:52 | Crear | Villager (Male) |
| 3:24 | Crear | Villager (Male) |
| 3:24 | Crear | Villager (Male) |
| 4:09 | Crear | Villager (Male) |
| 4:09 | Crear | Villager (Male) |
| 5:04 | Crear | Villager (Male) |
| 5:04 | Crear | Villager (Male) |
| 5:04 | Crear | Villager (Male) |
| 5:36 | Construir | Farm |
| 5:57 | Crear | Villager (Male) |
| 5:58 | Crear | Villager (Male) |
| 5:58 | Crear | Villager (Male) |
| 5:58 | Crear | Villager (Male) |
| 5:58 | Crear | Villager (Male) |
| 5:58 | Crear | Villager (Male) |
| 6:07 | Construir | Lumber Camp |
| 6:10 | Crear | Villager (Male) |
| 6:10 | Crear | Villager (Male) |
| 6:11 | Crear | Villager (Male) |
| 6:11 | Crear | Villager (Male) |
| 7:09 | Crear | Villager (Male) |
| 7:09 | Crear | Villager (Male) |
| 8:19 | Crear | Villager (Male) |
| 8:29 | Crear | Villager (Male) |
| 8:40 | Crear | Villager (Male) |
| 8:47 | Crear | Villager (Male) |
| 9:05 | Crear | Villager (Male) |
| 9:18 | Crear | Villager (Male) |
| 9:29 | Crear | Villager (Male) |
| 9:43 | Crear | Villager (Male) |
| 10:00 | Crear | Villager (Male) |
| 10:22 | Investigar | Feudal Age |
| 10:37 | Construir | Mill |
| 10:50 | Construir | Farm |
| 10:54 | Construir | Farm |
| 10:56 | Construir | Farm |
| 10:57 | Crear | Villager (Male) |
| 11:49 | Crear | Villager (Male) |
| 11:59 | Crear | Villager (Male) |
| 13:01 | Construir | Mining Camp |
| 13:07 | Edad | Edad Feudal |
| 13:56 | Construir | Farm |
| 14:05 | Construir | Farm |
| 14:34 | Investigar | Castle Age |
| 14:37 | Crear | Villager (Male) |
| 14:38 | Crear | Villager (Male) |
| 14:42 | Construir | Farm |
| 14:43 | Crear | Villager (Male) |
| 14:58 | Crear | Villager (Male) |
| 15:51 | Construir | Stone Wall |
| 16:21 | Construir | Stone Wall |
| 17:14 | Edad | Edad de los Castillos |
| 17:37 | Crear | Villager (Male) |
| 17:37 | Crear | Villager (Male) |
| 17:37 | Crear | Villager (Male) |
| 17:37 | Crear | Villager (Male) |
| 17:37 | Crear | Villager (Male) |
| 17:49 | Construir | Siege Workshop |
| 17:55 | Crear | Villager (Male) |
| 18:25 | Crear | Scorpion |
| 18:25 | Crear | Scorpion |
| 18:38 | Construir | House |
| 18:51 | Crear | Villager (Male) |
| 19:05 | Crear | Scorpion |
| 19:41 | Crear | Villager (Male) |
| 19:50 | Construir | House |
| 20:10 | Crear | Scorpion |
| 20:30 | Construir | Building 490 |
| 20:35 | Crear | Scorpion |
| 21:15 | Investigar | Horse Collar |
| 21:22 | Crear | Villager (Male) |
| 21:31 | Construir | Town Center |
| 21:38 | Crear | Villager (Male) |
| 21:43 | Crear | Scorpion |
| 21:55 | Construir | House |
| 21:57 | Construir | House |
| 22:04 | Investigar | Wheelbarrow |
| 22:20 | Crear | Scorpion |
| 22:25 | Investigar | Double-Bit Axe |
| 22:36 | Crear | Villager (Male) |
| 23:02 | Investigar | Bow Saw |
| 23:06 | Construir | Farm |
| 23:17 | Crear | Villager (Male) |
| 23:17 | Crear | Villager (Male) |
| 23:17 | Crear | Villager (Male) |
| 23:17 | Crear | Villager (Male) |
| 23:18 | Crear | Villager (Male) |
| 23:18 | Crear | Villager (Male) |
| 23:18 | Crear | Villager (Male) |
| 23:18 | Crear | Villager (Male) |
| 23:25 | Crear | Villager (Male) |
| 23:25 | Crear | Villager (Male) |
| 23:28 | Crear | Scorpion |
| 23:42 | Construir | Monastery |
| 23:43 | Crear | Villager (Male) |
| 23:43 | Crear | Villager (Male) |
| 23:59 | Construir | Farm |
| 24:01 | Crear | Villager (Male) |
| 24:02 | Crear | Villager (Male) |
| 24:07 | Construir | Farm |
| 24:10 | Construir | Farm |
| 24:17 | Crear | Scorpion |
| 24:27 | Crear | Monk |
| 24:31 | Crear | Villager (Male) |
| 24:31 | Crear | Villager (Male) |
| 24:39 | Construir | Farm |
| 24:43 | Construir | Farm |
| 24:44 | Crear | Villager (Male) |
| 24:44 | Crear | Villager (Male) |
| 25:03 | Crear | Villager (Male) |
| 25:18 | Crear | Villager (Male) |
| 25:37 | Construir | House |
| 25:38 | Construir | House |
| 25:43 | Investigar | Heavy Plow |
| 25:48 | Crear | Scorpion |
| 26:02 | Investigar | Stone Mining |
| 26:40 | Construir | Town Center |
| 26:51 | Crear | Scorpion |
| 26:55 | Crear | Villager (Male) |
| 26:55 | Crear | Villager (Male) |
| 26:56 | Crear | Villager (Male) |
| 26:56 | Crear | Villager (Male) |
| 26:56 | Crear | Villager (Male) |
| 27:24 | Crear | Villager (Male) |
| 27:24 | Crear | Villager (Male) |
| 27:25 | Crear | Villager (Male) |
| 27:25 | Crear | Villager (Male) |
| 27:35 | Construir | Farm |
| 27:37 | Construir | Farm |
| 27:38 | Construir | Farm |
| 27:41 | Construir | Farm |
Build order — marko0311
Primeras 150 de 338 acciones detectadas
| 0:01 | Crear | Villager (Male) |
| 0:01 | Crear | Villager (Male) |
| 0:02 | Crear | Villager (Male) |
| 0:02 | Crear | Villager (Male) |
| 0:02 | Crear | Villager (Male) |
| 0:02 | Crear | Villager (Male) |
| 0:05 | Construir | House |
| 0:07 | Construir | House |
| 0:52 | Investigar | Loom |
| 1:38 | Construir | Palisade Wall |
| 1:55 | Crear | Villager (Male) |
| 1:55 | Crear | Villager (Male) |
| 2:39 | Crear | Villager (Male) |
| 2:50 | Construir | Lumber Camp |
| 3:04 | Crear | Villager (Male) |
| 3:27 | Crear | Villager (Male) |
| 3:27 | Crear | Villager (Male) |
| 3:57 | Crear | Villager (Male) |
| 4:06 | Construir | Mill |
| 4:22 | Construir | House |
| 4:49 | Crear | Villager (Male) |
| 4:49 | Crear | Villager (Male) |
| 4:50 | Crear | Villager (Male) |
| 4:51 | Crear | Villager (Male) |
| 4:57 | Construir | House |
| 5:59 | Crear | Villager (Male) |
| 5:59 | Crear | Villager (Male) |
| 6:00 | Crear | Villager (Male) |
| 6:27 | Crear | Villager (Male) |
| 6:28 | Crear | Villager (Male) |
| 6:28 | Crear | Villager (Male) |
| 6:28 | Crear | Villager (Male) |
| 6:44 | Crear | Villager (Male) |
| 6:52 | Construir | Mill |
| 7:06 | Crear | Villager (Male) |
| 7:42 | Construir | House |
| 7:44 | Construir | House |
| 8:32 | Crear | Villager (Male) |
| 8:32 | Crear | Villager (Male) |
| 9:02 | Construir | Mining Camp |
| 9:23 | Investigar | Feudal Age |
| 9:57 | Construir | Mining Camp |
| 10:33 | Construir | Farm |
| 11:52 | Crear | Villager (Male) |
| 11:52 | Crear | Villager (Male) |
| 12:03 | Edad | Edad Feudal |
| 12:14 | Construir | Blacksmith |
| 12:25 | Crear | Villager (Male) |
| 12:26 | Crear | Villager (Male) |
| 12:55 | Construir | Market |
| 13:24 | Crear | Villager (Male) |
| 13:30 | Construir | Farm |
| 13:51 | Construir | Farm |
| 13:59 | Crear | Villager (Male) |
| 14:00 | Crear | Villager (Male) |
| 14:05 | Construir | Farm |
| 14:18 | Construir | Farm |
| 14:27 | Construir | Lumber Camp |
| 14:39 | Construir | House |
| 14:50 | Investigar | Castle Age |
| 14:56 | Construir | Farm |
| 15:16 | Construir | Farm |
| 15:52 | Construir | Stone Wall |
| 15:56 | Construir | Building 673 |
| 16:03 | Construir | Stone Wall |
| 17:03 | Investigar | Horse Collar |
| 17:08 | Investigar | Double-Bit Axe |
| 17:12 | Crear | Villager (Male) |
| 17:12 | Crear | Villager (Male) |
| 17:12 | Crear | Villager (Male) |
| 17:16 | Edad | Edad de los Castillos |
| 17:23 | Construir | Town Center |
| 17:42 | Construir | Town Center |
| 17:46 | Construir | Farm |
| 17:50 | Crear | Villager (Male) |
| 18:36 | Construir | Town Center |
| 18:45 | Crear | Villager (Male) |
| 18:45 | Crear | Villager (Male) |
| 18:46 | Crear | Villager (Male) |
| 18:46 | Crear | Villager (Male) |
| 18:53 | Construir | House |
| 18:57 | Construir | House |
| 19:00 | Construir | House |
| 19:25 | Crear | Villager (Male) |
| 19:26 | Crear | Villager (Male) |
| 19:26 | Crear | Villager (Male) |
| 19:31 | Construir | Farm |
| 19:34 | Construir | Farm |
| 19:35 | Crear | Villager (Male) |
| 19:36 | Crear | Villager (Male) |
| 19:47 | Construir | Farm |
| 19:48 | Construir | Farm |
| 19:50 | Construir | Farm |
| 20:05 | Construir | Farm |
| 20:06 | Crear | Villager (Male) |
| 20:18 | Crear | Villager (Male) |
| 20:19 | Crear | Villager (Male) |
| 20:30 | Construir | Farm |
| 20:31 | Crear | Villager (Male) |
| 20:54 | Construir | Farm |
| 20:55 | Crear | Villager (Male) |
| 20:56 | Crear | Villager (Male) |
| 21:12 | Crear | Villager (Male) |
| 21:12 | Crear | Villager (Male) |
| 21:19 | Crear | Villager (Male) |
| 21:29 | Construir | Farm |
| 21:31 | Construir | Farm |
| 21:33 | Crear | Villager (Male) |
| 21:33 | Crear | Villager (Male) |
| 21:40 | Crear | Villager (Male) |
| 21:41 | Crear | Villager (Male) |
| 21:41 | Crear | Villager (Male) |
| 21:47 | Construir | Farm |
| 21:48 | Construir | Farm |
| 21:57 | Crear | Villager (Male) |
| 21:57 | Crear | Villager (Male) |
| 21:58 | Crear | Villager (Male) |
| 22:15 | Crear | Villager (Male) |
| 22:15 | Crear | Villager (Male) |
| 22:23 | Construir | Farm |
| 22:25 | Crear | Villager (Male) |
| 22:35 | Construir | Farm |
| 22:40 | Construir | Farm |
| 22:41 | Construir | Farm |
| 22:43 | Crear | Villager (Male) |
| 22:43 | Crear | Villager (Male) |
| 22:43 | Crear | Villager (Male) |
| 22:44 | Crear | Villager (Male) |
| 22:44 | Crear | Villager (Male) |
| 22:45 | Crear | Villager (Male) |
| 22:45 | Crear | Villager (Male) |
| 22:56 | Crear | Villager (Male) |
| 22:56 | Crear | Villager (Male) |
| 22:57 | Crear | Villager (Male) |
| 23:14 | Construir | House |
| 23:15 | Construir | House |
| 23:17 | Construir | House |
| 23:19 | Construir | House |
| 23:21 | Construir | House |
| 23:23 | Construir | House |
| 23:25 | Construir | House |
| 23:26 | Construir | House |
| 23:27 | Construir | House |
| 23:48 | Crear | Villager (Male) |
| 23:48 | Crear | Villager (Male) |
| 23:48 | Crear | Villager (Male) |
| 23:49 | Crear | Villager (Male) |
| 23:49 | Crear | Villager (Male) |
| 23:49 | Crear | Villager (Male) |
| 23:49 | Crear | Villager (Male) |
Build order — Mooncore
Primeras 150 de 259 acciones detectadas
| 0:03 | Construir | House |
| 0:05 | Construir | House |
| 0:07 | Crear | Villager (Male) |
| 0:07 | Crear | Villager (Male) |
| 0:28 | Crear | Villager (Male) |
| 0:28 | Crear | Villager (Male) |
| 0:29 | Crear | Villager (Male) |
| 0:34 | Construir | House |
| 1:34 | Crear | Villager (Male) |
| 2:07 | Crear | Villager (Male) |
| 2:31 | Crear | Villager (Male) |
| 2:57 | Construir | Settlement |
| 3:00 | Crear | Villager (Male) |
| 3:01 | Crear | Villager (Male) |
| 3:30 | Crear | Villager (Male) |
| 3:51 | Crear | Villager (Male) |
| 4:17 | Crear | Villager (Male) |
| 4:46 | Crear | Villager (Male) |
| 5:21 | Crear | Villager (Male) |
| 5:22 | Crear | Villager (Male) |
| 5:22 | Crear | Villager (Male) |
| 6:01 | Construir | Palisade Wall |
| 6:03 | Crear | Villager (Male) |
| 6:48 | Crear | Villager (Male) |
| 6:48 | Crear | Villager (Male) |
| 6:53 | Construir | Settlement |
| 7:21 | Crear | Villager (Male) |
| 7:39 | Crear | Villager (Male) |
| 7:40 | Crear | Villager (Male) |
| 8:36 | Crear | Villager (Male) |
| 8:37 | Crear | Villager (Male) |
| 8:37 | Crear | Villager (Male) |
| 8:53 | Crear | Villager (Male) |
| 9:18 | Crear | Villager (Male) |
| 9:31 | Construir | Settlement |
| 9:33 | Crear | Villager (Male) |
| 9:47 | Construir | Building 804 |
| 11:04 | Crear | Villager (Male) |
| 11:34 | Crear | Villager (Male) |
| 11:59 | Investigar | Feudal Age |
| 13:02 | Construir | Farm |
| 13:03 | Construir | Farm |
| 13:03 | Construir | Farm |
| 13:04 | Construir | Farm |
| 13:05 | Construir | Farm |
| 13:06 | Construir | Farm |
| 13:26 | Construir | Settlement |
| 13:31 | Construir | Farm |
| 13:35 | Construir | Farm |
| 14:09 | Edad | Edad Feudal |
| 14:13 | Crear | Villager (Male) |
| 14:14 | Crear | Villager (Male) |
| 14:14 | Crear | Villager (Male) |
| 15:05 | Construir | Blacksmith |
| 15:09 | Construir | Market |
| 15:15 | Investigar | Horse Collar |
| 15:18 | Investigar | Double-Bit Axe |
| 15:29 | Construir | Farm |
| 15:29 | Construir | Farm |
| 15:29 | Construir | Farm |
| 15:30 | Crear | Villager (Male) |
| 15:48 | Crear | Villager (Male) |
| 16:13 | Construir | Settlement |
| 16:20 | Crear | Villager (Male) |
| 16:43 | Crear | Villager (Male) |
| 17:06 | Crear | Villager (Male) |
| 17:16 | Construir | Farm |
| 17:17 | Construir | Farm |
| 17:18 | Construir | Farm |
| 17:38 | Investigar | Castle Age |
| 17:45 | Construir | Farm |
| 17:49 | Construir | Farm |
| 17:55 | Construir | Settlement |
| 18:34 | Crear | Villager (Male) |
| 18:34 | Crear | Villager (Male) |
| 18:35 | Crear | Villager (Male) |
| 18:55 | Investigar | Stone Mining |
| 19:07 | Crear | Villager (Male) |
| 19:07 | Crear | Villager (Male) |
| 20:18 | Edad | Edad de los Castillos |
| 20:22 | Construir | Town Center |
| 20:40 | Crear | Villager (Male) |
| 20:57 | Construir | Stone Wall |
| 21:15 | Crear | Villager (Male) |
| 21:38 | Crear | Villager (Male) |
| 21:38 | Crear | Villager (Male) |
| 21:39 | Crear | Villager (Male) |
| 21:48 | Construir | Town Center |
| 22:06 | Crear | Villager (Male) |
| 22:10 | Investigar | Gold Mining |
| 22:15 | Crear | Villager (Male) |
| 22:16 | Crear | Villager (Male) |
| 22:46 | Construir | Settlement |
| 22:55 | Crear | Villager (Male) |
| 22:55 | Crear | Villager (Male) |
| 23:03 | Crear | Villager (Male) ×5 |
| 23:18 | Crear | Villager (Male) |
| 23:18 | Crear | Villager (Male) |
| 23:20 | Crear | Villager (Male) |
| 23:20 | Crear | Villager (Male) |
| 23:36 | Construir | Monastery |
| 23:43 | Crear | Villager (Male) |
| 23:56 | Construir | Market |
| 23:59 | Crear | Villager (Male) |
| 24:00 | Crear | Villager (Male) |
| 24:17 | Crear | Villager (Male) |
| 24:18 | Crear | Villager (Male) |
| 24:26 | Crear | Monk |
| 24:39 | Crear | Villager (Male) |
| 24:40 | Crear | Villager (Male) |
| 24:40 | Crear | Villager (Male) |
| 24:45 | Construir | Farm |
| 24:49 | Crear | Villager (Male) |
| 25:00 | Construir | Town Center |
| 25:07 | Crear | Villager (Male) |
| 25:09 | Crear | Villager (Male) |
| 25:10 | Crear | Villager (Male) |
| 25:11 | Crear | Villager (Male) |
| 25:12 | Crear | Villager (Male) |
| 25:14 | Crear | Villager (Male) |
| 25:15 | Crear | Villager (Male) |
| 25:16 | Crear | Villager (Male) |
| 25:18 | Crear | Villager (Male) |
| 25:36 | Construir | Castle |
| 26:10 | Construir | Castle |
| 26:19 | Investigar | Forging |
| 26:20 | Investigar | Scale Mail Armor |
| 26:40 | Crear | Villager (Male) |
| 26:42 | Crear | Villager (Male) |
| 26:43 | Crear | Villager (Male) |
| 27:03 | Construir | Settlement |
| 27:06 | Crear | Villager (Male) |
| 27:08 | Crear | Villager (Male) |
| 27:08 | Crear | Villager (Male) |
| 27:09 | Crear | Villager (Male) |
| 27:22 | Crear | Kamayuk ×5 |
| 27:25 | Construir | Farm |
| 27:29 | Crear | Villager (Male) |
| 27:29 | Crear | Villager (Male) |
| 27:29 | Crear | Villager (Male) |
| 27:30 | Crear | Villager (Male) |
| 27:36 | Crear | Kamayuk |
| 27:47 | Construir | Farm |
| 27:50 | Construir | Farm |
| 27:50 | Construir | Farm |
| 27:51 | Construir | Farm |
| 27:51 | Construir | Farm |
| 27:51 | Construir | Farm |
| 27:51 | Construir | Farm |
| 27:53 | Construir | Farm |
Build order — Sasa - NS
Primeras 150 de 174 acciones detectadas
| 0:03 | Crear | Villager (Male) ×4 |
| 0:03 | Crear | Villager (Male) ×4 |
| 0:11 | Construir | House |
| 1:10 | Construir | House |
| 1:42 | Construir | House |
| 1:53 | Construir | House |
| 2:00 | Crear | Villager (Male) |
| 2:00 | Crear | Villager (Male) |
| 2:56 | Construir | House |
| 3:04 | Crear | Villager (Male) |
| 3:05 | Crear | Villager (Male) |
| 3:20 | Crear | Villager (Male) |
| 3:20 | Crear | Villager (Male) |
| 3:36 | Crear | Villager (Male) |
| 3:36 | Crear | Villager (Male) |
| 4:08 | Construir | Palisade Wall |
| 4:24 | Construir | Palisade Wall |
| 4:33 | Crear | Villager (Male) |
| 4:34 | Crear | Villager (Male) |
| 4:34 | Crear | Villager (Male) |
| 5:22 | Construir | Palisade Wall |
| 5:27 | Crear | Villager (Male) |
| 5:27 | Crear | Villager (Male) |
| 5:27 | Crear | Villager (Male) |
| 5:54 | Crear | Villager (Male) |
| 5:55 | Crear | Villager (Male) |
| 6:16 | Crear | Villager (Male) |
| 6:16 | Crear | Villager (Male) |
| 6:35 | Construir | Building 804 |
| 6:43 | Crear | Villager (Male) |
| 6:43 | Crear | Villager (Male) |
| 6:51 | Construir | Lumber Camp |
| 7:44 | Crear | Villager (Male) |
| 9:00 | Crear | Villager (Male) |
| 9:01 | Crear | Villager (Male) |
| 9:01 | Crear | Villager (Male) |
| 9:26 | Construir | Mill |
| 9:55 | Crear | Villager (Male) |
| 9:55 | Crear | Villager (Male) |
| 9:55 | Crear | Villager (Male) |
| 10:06 | Construir | House |
| 10:29 | Crear | Villager (Male) |
| 10:35 | Construir | Farm |
| 10:44 | Crear | Villager (Male) |
| 10:44 | Crear | Villager (Male) |
| 10:45 | Crear | Villager (Male) |
| 10:45 | Crear | Villager (Male) |
| 10:48 | Construir | Farm |
| 11:27 | Construir | Farm |
| 11:41 | Construir | Mining Camp |
| 12:04 | Crear | Villager (Male) |
| 12:32 | Construir | House |
| 12:52 | Crear | Villager (Male) |
| 12:58 | Investigar | Feudal Age |
| 13:49 | Crear | Villager (Male) |
| 13:49 | Crear | Villager (Male) |
| 13:50 | Crear | Villager (Male) |
| 13:51 | Crear | Villager (Male) |
| 14:12 | Construir | Farm |
| 14:16 | Construir | Farm |
| 14:22 | Construir | Farm |
| 14:23 | Construir | Farm |
| 15:09 | Edad | Edad Feudal |
| 15:18 | Construir | Market |
| 15:26 | Construir | Blacksmith |
| 15:30 | Construir | House |
| 15:50 | Construir | Stone Wall |
| 15:57 | Construir | Farm |
| 16:06 | Construir | Farm |
| 16:28 | Construir | Farm |
| 16:48 | Construir | House |
| 16:54 | Crear | Villager (Male) |
| 17:03 | Construir | Farm |
| 17:17 | Investigar | Castle Age |
| 17:35 | Construir | Lumber Camp |
| 17:39 | Construir | Farm |
| 18:19 | Construir | Barracks |
| 18:34 | Investigar | Double-Bit Axe |
| 18:41 | Investigar | Horse Collar |
| 18:46 | Investigar | Stone Mining |
| 18:48 | Investigar | Gold Mining |
| 19:38 | Investigar | Wheelbarrow |
| 19:59 | Edad | Edad de los Castillos |
| 20:14 | Construir | Town Center |
| 20:38 | Construir | Stone Wall |
| 20:49 | Crear | Villager (Male) |
| 20:49 | Crear | Villager (Male) |
| 21:07 | Investigar | Bow Saw |
| 21:31 | Crear | Villager (Male) |
| 21:31 | Crear | Villager (Male) |
| 21:43 | Construir | Barracks |
| 21:50 | Investigar | Man-at-Arms (upgrade) |
| 21:57 | Crear | Villager (Male) |
| 21:58 | Crear | Villager (Male) |
| 22:10 | Crear | Villager (Male) |
| 22:10 | Crear | Villager (Male) |
| 22:26 | Crear | Villager (Male) |
| 22:26 | Crear | Villager (Male) |
| 22:26 | Crear | Villager (Male) |
| 22:37 | Construir | Town Center |
| 22:48 | Crear | Villager (Male) |
| 22:48 | Crear | Villager (Male) |
| 22:53 | Crear | Militia |
| 22:54 | Crear | Militia |
| 23:01 | Construir | Siege Workshop |
| 23:05 | Crear | Villager (Male) |
| 23:06 | Crear | Villager (Male) |
| 23:30 | Investigar | Heavy Plow |
| 23:37 | Crear | Villager (Male) |
| 23:45 | Construir | House |
| 24:23 | Construir | Siege Workshop |
| 24:37 | Construir | Watch Tower |
| 24:48 | Crear | Militia |
| 24:48 | Crear | Militia |
| 24:48 | Crear | Militia |
| 24:49 | Crear | Militia |
| 25:05 | Crear | Scorpion |
| 25:05 | Crear | Scorpion |
| 25:05 | Crear | Scorpion |
| 25:15 | Crear | Scorpion |
| 25:16 | Crear | Scorpion |
| 25:16 | Crear | Scorpion |
| 25:34 | Construir | Siege Workshop |
| 26:11 | Construir | Stone Wall |
| 27:25 | Crear | Scorpion |
| 27:25 | Crear | Scorpion |
| 27:47 | Crear | Villager (Male) |
| 27:48 | Crear | Villager (Male) |
| 27:48 | Crear | Villager (Male) |
| 28:02 | Crear | Scorpion |
| 28:02 | Crear | Scorpion |
| 29:05 | Crear | Spearman ×5 |
| 29:05 | Crear | Spearman ×5 |
| 29:05 | Crear | Spearman ×5 |
| 29:06 | Crear | Spearman ×5 |
| 30:10 | Construir | Town Center |
| 33:33 | Crear | Villager (Male) |
| 33:33 | Crear | Villager (Male) |
| 33:34 | Crear | Villager (Male) |
| 33:37 | Investigar | Hand Cart |
| 33:54 | Construir | Town Center |
| 34:42 | Crear | Villager (Male) |
| 34:42 | Crear | Villager (Male) |
| 34:50 | Construir | Farm |
| 34:53 | Construir | Farm |
| 34:55 | Crear | Villager (Male) |
| 34:55 | Crear | Villager (Male) |
| 35:40 | Construir | Farm |
| 35:41 | Construir | Farm |
| 36:24 | Crear | Villager (Male) |
Cronología de la partida
| 0:14 | SuperVilla2000 · wall_segment Palisade Wall x14 |
| 0:21 | SuperVilla2000 · wall_segment Palisade Wall x9 |
| 1:38 | marko0311 · wall_segment Palisade Wall x7 |
| 2:15 | Mr. Peacemaker · wall_segment Palisade Wall x8 |
| 3:02 | SuperVilla2000 · wall_segment Palisade Wall x7 |
| 3:33 | dodo_kkl · wall_segment Palisade Wall x6 |
| 3:34 | dodo_kkl · wall_segment Palisade Wall x10 |
| 4:06 | SuperVilla2000 · wall_segment Palisade Wall x11 |
| 4:08 | Sasa - NS · wall_segment Palisade Wall x6 |
| 4:24 | Sasa - NS · wall_segment Palisade Wall x6 |
| 5:05 | SuperVilla2000 · wall_segment Palisade Wall x8 |
| 5:22 | Sasa - NS · wall_segment Palisade Wall x10 |
| 6:01 | Mooncore · wall_segment Palisade Wall x9 |
| 9:40 | dodo_kkl · first_building Barracks |
| 12:03 | marko0311 · age_up feudal |
| 13:07 | Mr. Peacemaker · age_up feudal |
| 13:26 | dodo_kkl · age_up feudal |
| 13:28 | dodo_kkl · first_building Archery Range |
| 14:09 | Mooncore · age_up feudal |
| 14:47 | marko0311 · first_market_buy 100 food |
| 15:09 | Sasa - NS · age_up feudal |
| 15:50 | Sasa - NS · wall_segment Stone Wall x12 |
| 15:51 | Mr. Peacemaker · wall_segment Stone Wall x13 |
| 15:52 | marko0311 · wall_segment Stone Wall x5 |
| 16:03 | marko0311 · wall_segment Stone Wall x3 |
| 16:11 | SuperVilla2000 · first_building Barracks |
| 16:21 | Mr. Peacemaker · wall_segment Stone Wall x8 |
| 16:35 | SuperVilla2000 · first_market_buy 100 wood |
| 17:14 | Mr. Peacemaker · age_up castle |
| 17:16 | marko0311 · age_up castle |
| 17:37 | Mooncore · first_market_buy 100 food |
| 17:49 | Mr. Peacemaker · first_building Siege Workshop |
| 17:57 | SuperVilla2000 · first_building Siege Workshop |
| 18:19 | Sasa - NS · first_building Barracks |
| 18:55 | SuperVilla2000 · first_building Castle |
| 19:59 | Sasa - NS · age_up castle |
| 20:18 | Mooncore · age_up castle |
| 20:38 | Sasa - NS · wall_segment Stone Wall x14 |
| 20:57 | Mooncore · wall_segment Stone Wall x8 |
| 22:06 | dodo_kkl · age_up castle |
| 22:22 | dodo_kkl · first_building Castle |
| 23:01 | Sasa - NS · first_building Siege Workshop |
| 23:36 | Mooncore · first_building Monastery |
| 23:42 | Mr. Peacemaker · first_building Monastery |
| 24:48 | dodo_kkl · first_building Siege Workshop |
| 25:22 | marko0311 · first_building Castle |
| 25:29 | dodo_kkl · first_building Monastery |
| 25:34 | marko0311 · wall_segment Stone Wall x2 |
| 25:36 | Mooncore · first_building Castle |
| 25:47 | SuperVilla2000 · first_building Stable |
| 25:49 | marko0311 · wall_segment Stone Wall x1 |
| 26:11 | Sasa - NS · wall_segment Stone Wall x1 |
| 26:40 | marko0311 · first_building Barracks |
| 28:20 | marko0311 · first_building Archery Range |
| 29:10 | Mr. Peacemaker · first_building Castle |
| 29:11 | marko0311 · first_building Stable |
| 29:17 | Mr. Peacemaker · first_building Barracks |
| 30:35 | Mr. Peacemaker · first_building Stable |
| 32:39 | SuperVilla2000 · first_market_sell 100 wood |
| 35:33 | marko0311 · age_up imperial |
| 35:57 | Mooncore · age_up imperial |
| 36:29 | marko0311 · tribute_sent a jugador 1 |
| 36:29 | marko0311 · tribute_sent a jugador 2 |
| 36:29 | marko0311 · tribute_sent a jugador 3 |
| 36:29 | marko0311 · tribute_sent a jugador 5 |
| 36:29 | marko0311 · tribute_sent a jugador 6 |
| 36:36 | marko0311 · tribute_sent a jugador 1 |
| 36:36 | marko0311 · tribute_sent a jugador 2 |
| 36:36 | marko0311 · tribute_sent a jugador 3 |
| 36:36 | marko0311 · tribute_sent a jugador 5 |
| 36:36 | marko0311 · tribute_sent a jugador 6 |
| 36:44 | marko0311 · tribute_sent a jugador 1 |
| 36:44 | marko0311 · tribute_sent a jugador 2 |
| 36:44 | marko0311 · tribute_sent a jugador 3 |
| 36:44 | marko0311 · tribute_sent a jugador 5 |
| 36:44 | marko0311 · tribute_sent a jugador 6 |
| 36:55 | marko0311 · tribute_sent a jugador 1 |
| 36:55 | marko0311 · tribute_sent a jugador 2 |
| 36:55 | marko0311 · tribute_sent a jugador 3 |
| 36:55 | marko0311 · tribute_sent a jugador 5 |
| 36:55 | marko0311 · tribute_sent a jugador 6 |
| 37:21 | dodo_kkl · age_up imperial |
| 39:13 | Mr. Peacemaker · age_up imperial |
| 39:18 | Mr. Peacemaker · resign |
[ ANÁLISIS IA · 1 CRÉDITO ]
¿Qué pasó realmente en esta partida?
Wolo.gg analiza cada decisión: build order, eco, micro, errores típicos por bracket. Análisis personalizado por WhatsApp o Discord en 30 segundos.
Guía civ
Españoles
Guía mapa
Black Forest
Perfil
SuperVilla2000